 Dungeon Crawl Stone Soup version 0.21.1-1-g345015f (webtiles) character file.

121 sking99 the Poker (level 5, -1/36 HPs)
             Began as an Octopode Fighter on July 2, 2018.
             Slain by a gnoll
             ... wielding a +2 spear of piercing
              (2 damage)
             ... on level 3 of the Dungeon.
             The game lasted 00:03:20 (1397 turns).

sking99 the Poker (Octopode Fighter)                Turns: 1397, Time: 00:03:21

Health: -1/36      AC:  1    Str: 17    XL:     5   Next: 5%
Magic:  5/5        EV: 11    Int: 10    God:
Gold:   150        SH:  9    Dex: 11    Spells: 4/4 levels left

rFire    . . .     SeeInvis .   a - +0 trident
rCold    . . .     Gourm    .   b - +0 shield
rNeg     . . .     Faith    .   (helmet restricted)
rPois    .         Spirit   .   (no amulet)
rElec    .         Reflect  .   (no ring)
rCorr    .         Harm     .   (no ring)
MR       .....                  (no ring)
Stlth    ++........             (no ring)
HPRegen  0.12/turn              (no ring)
MPRegen  0.09/turn              (no ring)
                                (no ring)
                                (no ring)

@: no status effects
A: almost no armour, stealthy swim, amphibious, 8 rings, constrict 8, camouflage
1, gelatinous body 1
a: no special abilities


You were on level 3 of the Dungeon.
You were hungry.

You visited 1 branch of the dungeon, and saw 3 of its levels.

You collected 150 gold pieces.

Inventory:

Hand Weapons
 a - a +0 trident (weapon)
Armour
 b - a +0 shield (worn)
Scrolls
 e - a scroll of remove curse {unknown}
 g - 2 scrolls of teleportation {unknown}
 i - 3 scrolls of identify {unknown}
 k - a scroll of enchant armour {unknown}
 l - a scroll of enchant weapon {unknown}
Potions
 c - a potion of might
 f - a potion of haste {unknown}
 h - a potion of brilliance {unknown}
 m - a potion of curing {unknown}
Comestibles
 d - 4 rations
 j - 2 chunks of flesh


   Skills:
 - Level 3.0 Fighting
 * Level 4.3 Polearms
 - Level 3.0 Dodging
 + Level 4.0 Shields


You had 4 spell levels left.
You didn't know any spells.

Dungeon Overview and Level Annotations

Branches:
Dungeon (2/15)

Altars:


Innate Abilities, Weirdness & Mutations

You cannot wear most types of armour.
You are very stealthy in the water. (Stealth+)
You are amphibious.
You can wear up to eight rings at the same time.
You can use your tentacles to constrict eight enemies at once.
Your skin changes colour to match your surroundings (Stealth+).
Your rubbery body absorbs attacks. (AC +1, EV +1)


Message History

Aim: a gnoll, wielding a spear of piercing You reach to attack!
You hit the gnoll.
The gnoll is moderately wounded.
The gnoll hits you from afar with a spear of piercing.
* * * LOW HITPOINT WARNING * * *
x2 You block the gnoll's attack.
Attack whom?
Press: ? - help, Dir - move target cursor, f/p - gnoll
Aim: a gnoll, wielding a spear of piercing (moderately wounded)
You reach to attack!
You hit the gnoll.
The gnoll is severely wounded.
You block the gnoll's attack.
Attack whom?
Press: ? - help, Dir - move target cursor, f/p - gnoll
Aim: a gnoll, wielding a spear of piercing (severely wounded)
You reach to attack!
You hit the gnoll but do no damage.
The gnoll is severely wounded.
The gnoll hits you from afar with a spear of piercing!
* * * LOW HITPOINT WARNING * * *
You die...

#.........
#.........
#......$..
#.........
#######.....g>..
#...............
#...............
#.......(.###+##
###.......g)@.#
#.......#####
###.....#
#####.# ....
.... #.....
#######


You could see a gnoll.

Vanquished Creatures
  A bullfrog skeleton (D:2)
  Terence (D:2)
  A gnoll (D:3)
  An adder (D:2)
  An ooze (D:1)
  2 worms (D:2)
  3 dart slugs
  A leopard gecko (D:2)
  A bat (D:1)
  2 giant cockroaches (D:1)
  2 goblins
  5 hobgoblins
  2 quokkas (D:2)
  2 frilled lizards
  8 kobolds
  5 rats (D:1)
38 creatures vanquished.

Notes
Turn   | Place    | Note
-------+----------+-------------------------------------------
     0 | D:1      | sking99 the Octopode Fighter began the quest for the Orb.
     0 | D:1      | Reached XP level 1. HP: 16/16 MP: 1/1
   260 | D:1      | Reached XP level 2. HP: 21/21 MP: 2/2
   689 | D:1      | Reached XP level 3. HP: 22/26 MP: 3/3
  1096 | D:2      | Reached XP level 4. HP: 30/31 MP: 4/4
  1298 | D:2      | Noticed Terence
  1307 | D:2      | Killed Terence
  1366 | D:2      | You fall through a shaft!
  1393 | D:3      | Reached XP level 5. HP: 15/36 MP: 5/5
  1397 | D:3      | HP: 1/36 [gnoll/spear of piercing (7)]
  1397 | D:3      | Slain by a gnoll

Skill      XL: |  1  2  3  4 |
---------------+-------------+-----
Polearms       | 3 4 |  4.3
Shields        | 4 |  4.0
Fighting       | |  3.0
Dodging        | |  3.0

Action                   |  1- 3 |  4- 6 || total
-------------------------+-------+-------++-------
Melee: Trident           |    51 |    43 ||    94
       Tentacles         |     7 |     9 ||    16
       Constrict         |     8 |     8 ||    16
 Stab: Sleeping          |     5 |     2 ||     7
  Eat: Chunk             |     1 |       ||     1
Dodge: Dodged            |    14 |    10 ||    24
Block: Shield            |     8 |    15 ||    23
